 Dungeon Crawl Stone Soup version 0.21-a0-351-g38363bb (webtiles) character file.

387 Dfrag the Firebug (level 6, 0/41 HPs)
             Began as a Demonspawn Fire Elementalist on Oct 10, 2017.
             Slain by a human zombie (4 damage)
             ... on level 4 of the Dungeon.
             The game lasted 00:04:56 (2757 turns).

Dfrag the Firebug (Demonspawn Fire Elementalist)    Turns: 2757, Time: 00:04:56

Health: 0/41       AC:  6    Str:  6 (9)  XL:     6   Next: 49%
Magic:  5/12       EV: 12    Int: 15 (18) God:
Gold:   153        SH:  0    Dex: 10 (13) Spells: 12/13 levels left

rFire    + . .     SeeInvis .   p - +2 dagger (venom)
rCold    . . .     Gourm    .   (no shield)
rNeg     . . .     Faith    .   w - +2 robe "Forget-Me-Not" {rC+}
rPois    .         Spirit   .   (no helmet)
rElec    .         Reflect  .   (no cloak)
rCorr    .         Harm     .   (no gloves)
MR       .....                  (no boots)
Stlth    ++........             (no amulet)
HPRegen  0.13/turn              d - ring of fire
MPRegen  0.13/turn              (no ring)

@: hasted, very quick
A: slimy green scales 1, powered by death 1
a: no special abilities


You were on level 4 of the Dungeon.
You were hungry.

You visited 1 branch of the dungeon, and saw 4 of its levels.

You collected 153 gold pieces.

Inventory:

Hand Weapons
 f - a +0 hand axe
 p - a +2 dagger of venom (weapon)
Armour
 a - a +0 robe
 w - the +2 robe "Forget-Me-Not" (worn) {rC+}
   (You found it on level 4 of the Dungeon)

   It protects you from cold.
Jewellery
 d - a ring of fire (left hand)
Scrolls
 e - a scroll of remove curse {unknown}
 j - a scroll of recharging {unknown}
 k - 2 scrolls of identify {unknown}
 l - a scroll of teleportation {unknown}
 m - a scroll of random uselessness {unknown}
 n - 2 scrolls of immolation {unknown}
 r - 3 scrolls of enchant weapon {unknown}
 s - a scroll of amnesia {unknown}
 v - a scroll of fog {unknown}
Potions
 g - a potion of flight
 i - a potion of degeneration
 q - a potion of brilliance {unknown}
 u - a potion of curing {unknown}
Books
 b - a book of Flames

   Spells                             Type                      Level
   a - Flame Tongue                   Conjuration/Fire             1
   b - Throw Flame                    Conjuration/Fire             2
   c - Conjure Flame                  Conjuration/Fire             3
   d - Inner Flame                    Hexes/Fire                   3
   e - Sticky Flame                   Conjuration/Fire             4
   f - Fireball                       Conjuration/Fire             5
Comestibles
 c - 4 bread rations
 h - 23 fruits
 t - 2 meat rations


   Skills:
 - Level 1.7 Dodging
 - Level 1.7 Stealth
 + Level 4.0 Spellcasting
 + Level 3.8 Conjurations
 + Level 4.4 Fire Magic


You had 12 spell levels left.
You knew the following spells:

 Your Spells              Type           Power        Failure   Level  Hunger
a - Flame Tongue          Conj/Fire      ###..        3%          1    None


Dungeon Overview and Level Annotations

Branches:
Dungeon (4/15)
 Temple: D:4-7

Altars:
Ashenzari
Trog
Uskayaw
The Shining One

Shops:
D:4 !

Portals:
Ossuary: D:4


Innate Abilities, Weirdness & Mutations

You are partially covered in slimy green scales. (AC +2)
You regenerate a little health from kills.


Message History

Unknown command.
Casting: Flame Tongue
Confirm with . or Enter, or press ? or * to list all spells.
Aiming: Flame Tongue
Press: ? - help, Shift-Dir - straight line, f/p - human zombie
Aim: a human zombie (moderately damaged)
You feel a surge of power!
The flame tongue hits the human zombie.
The human zombie is heavily damaged.
The elf skeleton closely misses you.
Unknown command.
It was a potion of degeneration.
There was something very wrong with that liquid.
You feel weakened.
You feel dopey.
You feel clumsy. The human zombie hits you.
* * * LOW HITPOINT WARNING * * *
The elf skeleton hits you.
* * * LOW HITPOINT WARNING * * *
It was a potion of haste.
You feel yourself speed up. The human zombie hits you.
You die...

#.# #.#.
##.(#####.#.
............
#######..........
+.#.'.#..........
###'#'###..........
#.'...'.#..........
###Z..###..........
#.@Z..'.#..........
#Z#'#'#.#..........
#∩#.#.#.#..........
########Z#..........
#........ZZ[........
#...................
#...................
#...................
#...................


You could see 2 human zombies and an elf skeleton.

Vanquished Creatures
  2 elf skeletons (D:4)
  A human zombie (D:4)
  2 orc priests (D:3)
  A human skeleton (D:4)
  An iguana (D:4)
  A worker ant (D:4)
  3 adders
  An ooze (D:3)
  2 worms (D:2)
  2 dart slugs (D:1)
  A leopard gecko (D:2)
  6 orcs (D:3)
  A ball python (D:2)
  2 giant cockroaches
  7 goblins
  4 hobgoblins
  3 jackals (D:4)
  10 kobolds
  6 bats
  6 frilled lizards
  2 orc zombies (D:4)
  11 rats
75 creatures vanquished.

Notes
Turn   | Place    | Note
-------+----------+-------------------------------------------
     0 | D:1      | Dfrag the Demonspawn Fire Elementalist began the quest for the Orb.
     0 | D:1      | Reached XP level 1. HP: 13/13 MP: 3/3
   294 | D:1      | Gained mutation: You are partially covered in slimy green scales. (AC +2) [demonic ancestry]
   294 | D:1      | Reached XP level 2. HP: 18/19 MP: 0/5
  1043 | D:2      | Noticed a hand axe
  1044 | D:2      | Noticed a dagger
  1046 | D:2      | Found a hide-covered altar of Uskayaw.
  1059 | D:2      | Found a bloodstained altar of Trog.
  1064 | D:2      | Reached XP level 3. HP: 24/24 MP: 2/6
  1147 | D:2      | Found a shattered altar of Ashenzari.
  1267 | D:2      | HP: 1/24 [poisoned by an adder]
  1708 | D:2      | Gained mutation: You regenerate a little health from kills. [demonic ancestry]
  1708 | D:2      | Reached XP level 4. HP: 30/30 MP: 5/8
  1829 | D:3      | Found a glowing golden altar of the Shining One.
  2001 | D:3      | Reached XP level 5. HP: 35/35 MP: 9/9
  2505 | D:4      | Found Hojuenos's Distillery.
  2512 | D:4      | Got a shadowed robe
  2540 | D:4      | Identified the +2 robe "Forget-Me-Not" {rC+} (You found it on level 4 of the Dungeon)
  2635 | D:4      | Reached XP level 6. HP: 26/41 MP: 2/11
  2752 | D:4      | Found a sand-covered staircase.
  2757 | D:4      | Slain by a human zombie

Vault maps used:
D:1:      lightli_arrival_quake
D:2:      bloody_trog, dancing_weapons_uskayaw, first_bread,
          evilmike_ruin_ashenzari
D:3:      dk_vineyard_2, tso_metal_star
D:4:      temple_green, serial_shops, shop, nicolae_ossuary_entry_catacombs

Skill      XL: |  1  2  3  4  5  6 |
---------------+-------------------+-----
Fire Magic     | 3 4 |  4.4
Conjurations   | 2 3 |  3.8
Spellcasting   | 3 4 |  4.0
Dodging        | |  1.7
Stealth        | |  1.7

Action                   |  1- 3 |  4- 6 || total
-------------------------+-------+-------++-------
Melee: Hand axe          |    26 |       ||    26
       Unarmed           |     6 |       ||     6
       Dagger            |     9 |    72 ||    81
 Cast: Flame Tongue      |    65 |    67 ||   132
  Use: Potion            |       |     3 ||     3
 Stab: Sleeping          |     2 |     2 ||     4
       Distracted        |     1 |       ||     1
  Eat: Chunk             |     3 |     2 ||     5
       Fruit             |       |     1 ||     1
Armor: Robe              |    32 |    32 ||    64
Dodge: Dodged            |    61 |    84 ||   145

Table legend:
 A = Spawn XP
 B = Non-spawn XP
 C = Spawn XP percentage of total XP
 D = Spawn monster count
 E = Non-spawn monster count
 F = Spawn count percentage of total count
 G = Total turns spent on level
                    A         B        C        D         E        F      G
               +---------+---------+-------+---------+---------+-------+---------
         Total |       0 |     553 |   0.0 |       0 |      75 |   0.0 |  2757
               +---------+---------+-------+---------+---------+-------+---------
           D:1 |       0 |      31 |   0.0 |       0 |      17 |   0.0 |  1009
           D:2 |       0 |      69 |   0.0 |       0 |      26 |   0.0 |   777
           D:3 |       0 |     120 |   0.0 |       0 |      19 |   0.0 |   558
           D:4 |       0 |     333 |   0.0 |       0 |      13 |   0.0 |   413
               +---------+---------+-------+---------+---------+-------+---------
